 Dungeon Crawl Stone Soup version 0.24.0-13-gcf9b319 (webtiles) character file.

Game seed: 477743447070275511, levelgen mode: deterministic

159 Bronimir the Ruffian (level 5, -1/40 HPs)
             Began as a Draconian Transmuter on Mar 5, 2020.
             Killed by divine providence
             ... invoked by an orc priest
              (11 damage)
             ... on level 2 of the Dungeon.
             The game lasted 00:07:44 (2790 turns).

Bronimir the Ruffian (Draconian Transmuter)         Turns: 2790, Time: 00:07:44

Health: -1/40      AC:  6    Str: 14    XL:     5   Next: 17%
Magic:  7/8        EV: 12    Int: 13    God:
Gold:   141        SH:  3    Dex: 11    Spells: 2/8 levels left

rFire    . . .     SeeInvis .     - Unarmed
rCold    . . .     Gourm    .   j - +0 buckler
rNeg     . . .     Faith    .   (armour unavailable)
rPois    .         Spirit   .   (helmet restricted)
rElec    .         Reflect  .   (no cloak)
rCorr    .         Harm     .   m - +0 pair of gloves
MR       .....                  (boots currently unavailable)
Stlth    +.........             (no amulet)
HPRegen  0.13/turn              (no ring)
MPRegen  0.11/turn              (no ring)

@: appendage
A: unfitting armour, talons 3, cold-blooded, AC +5
a: End Transformation


You were on level 2 of the Dungeon.
You were not hungry.
You had grown temporary talons.
You visited 1 branch of the dungeon, and saw 3 of its levels.

You collected 141 gold pieces.

Inventory:

Missiles
 a - 55 arrows
 e - 64 stones (quivered)
Armour
 j - a +0 buckler (worn)
 m - a +0 pair of gloves (worn)
Jewellery
 b - an uncursed ring of stealth {unknown}
Scrolls
 d - 2 scrolls of remove curse {unknown}
 g - 2 scrolls of identify {unknown}
 l - 2 scrolls of blinking {unknown}
 n - a scroll of teleportation {unknown}
Potions
 h - a potion of curing
 i - a potion of resistance {unknown}
 k - 2 potions of agility {unknown}
Comestibles
 c - 6 rations
 f - 6 chunks of flesh


   Skills:
 + Level 1.1 Fighting
 + Level 2.7 Dodging
 * Level 0.6 Shields
 * Level 4.4 Unarmed Combat
 + Level 2.4 Spellcasting
 * Level 2.9 Transmutations


You had 2 spell levels left.
You knew the following spells:

 Your Spells              Type           Power        Failure   Level  Hunger
a - Beastly Appendage     Tmut           #.....       11%         1    #......
b - Sticks to Snakes      Tmut           #.......     17%         2    ###....
c - Spider Form           Tmut/Pois      #.........   52%         3    ###....

Your spell library contained the following spells:

 Spells                   Type           Power        Failure   Level  Hunger
 Ice Form                 Ice/Tmut       #.......     90%         4    #####..
 Blade Hands              Tmut           #.........   97%         5    ######.


Dungeon Overview and Level Annotations

Branches:
Dungeon (3/15)

Altars:
Ashenzari
Cheibriados
Dithmenos
Hepliaklqana


Innate Abilities, Weirdness & Mutations

Your plain brown scales are hard. (AC +5)
You cannot fit into any form of body armour.
You are cold-blooded and may be slowed by cold attacks.
You have claws for feet.


Message History

Your feet morph into talons.
The orc priest hits you but does no damage.
The orc hits you but does no damage.
You barely miss the orc priest.
The orc priest is heavily wounded.
The orc priest barely misses you. The orc closely misses you.
You hit the orc priest.
The orc priest is severely wounded.
The orc priest hits you.
* * * LOW HITPOINT WARNING * * *
You closely miss the orc priest.
You claw the orc priest, but do no damage.
The orc priest is severely wounded.
The orc misses you. You block the orc priest's attack.
You closely miss the orc priest. Your kick misses the orc priest.
The orc priest is severely wounded.
You block the orc's attack.
The orc priest invokes the aid of Beogh against you.
Beogh smites you!
You die...

##.####..####.######
#........## #.#
#..####...###.#
#.............#
#.#####...##### #.#
##.## #.# #.#
#.######[####
#.....o@o..># ####
########[##.## #...
#.....# #.## ####..#
##.## #..# #....
#..# #..## #..#
#..#. #..#######....
#.............


You could see an orc priest and an orc.

Vanquished Creatures
  An orc wizard (D:2)
  4 adders
  2 worms (D:2)
  2 dart slugs
  A leopard gecko (D:2)
  4 orcs (D:2)
  6 bats
  13 giant cockroaches
  8 goblins
  5 hobgoblins
  4 jackals (D:3)
  A quokka (D:2)
  2 kobolds
  8 rats
61 creatures vanquished.

Vanquished Creatures (collateral kills)
  Jessica (D:2)
  A goblin (D:2)
  A rat (D:1)
3 creatures vanquished.

Grand Total: 64 creatures vanquished

Notes
Turn   | Place    | Note
-------+----------+-------------------------------------------
     0 | D:1      | Bronimir the Draconian Transmuter began the quest for the
                  | Orb.
     0 | D:1      | Reached XP level 1. HP: 16/16 MP: 3/3
   205 | D:1      | Reached XP level 2. HP: 23/23 MP: 5/5
   329 | D:1      | Learned a level 2 spell: Sticks to Snakes
   791 | D:2      | Reached XP level 3. HP: 20/28 MP: 4/6
  1080 | D:2      | Noticed Jessica
  1121 | D:2      | Killed Jessica
  1121 | D:2      | Reached skill level 4 in Unarmed Combat
  1619 | D:2      | Reached XP level 4. HP: 21/35 MP: 2/7
  2175 | D:3      | Learned a level 3 spell: Spider Form
  2182 | D:3      | Found a shattered altar of Ashenzari.
  2183 | D:3      | Found a snail-covered altar of Cheibriados.
  2199 | D:3      | Found a hazy altar of Hepliaklqana.
  2364 | D:3      | Found a shadowy altar of Dithmenos.
  2648 | D:2      | Reached XP level 5. HP: 25/40 MP: 8/8
  2790 | D:2      | Killed from afar by an orc priest

Levels and vault maps discovered:
D:1:      noname_arrival_rooms_in_the_neighbourhood, layout_rooms
D:2:      layout_loops_ring, uniq_jessica
D:3:      minmay_roachtagon, layout_rooms, nicolae_overflow_hidden_temple,
          nicolae_dithmenos_shadow_blocks, old_standard_altar,
          chequers_ecumenical_altar_simple, first_ration, uniq_terence,
          uniq_sigmund

Skill      XL: |  1  2  3 |
---------------+----------+-----
Dodging        | 2 |  2.7
Unarmed Combat | 4 |  4.4
Fighting       | |  1.1
Shields        | |  0.6
Spellcasting   | |  2.4
Transmutations | |  2.9

Action                   |  1- 3 |  4- 6 || total
-------------------------+-------+-------++-------
Melee: Unarmed           |   123 |   134 ||   257
       Tailslap          |    12 |    12 ||    24
       Kick              |     3 |     4 ||     7
       Headbutt          |     1 |     5 ||     6
 Cast: Beastly Appendage |     5 |     9 ||    14
       Sticks to Snakes  |     8 |     1 ||     9
  Use: Potion            |     2 |       ||     2
 Stab: Sleeping          |     1 |     1 ||     2
  Eat: Chunk             |     2 |     5 ||     7
Armor: Skin              |    44 |    42 ||    86
Dodge: Dodged            |    82 |   101 ||   183
Block: Buckler           |     7 |    15 ||    22
